 Dungeon Crawl Stone Soup version 0.32-a0-350-g4f4d228785 (webtiles) character file.

Game seed: 3953906482435440925

15915 ezpacito the Skirmisher (level 12, 0/136 HPs)
             Began as a Demonspawn Gladiator on Feb 15, 2024.
             Was a High Priest of Nemelex Xobeh.
             Succumbed to their own dark miasma
             ... on level 2 of the Lair of Beasts on Feb 18, 2024.
             The game lasted 00:28:37 (8514 turns).

ezpacito the Skirmisher (Demonspawn Gladiator)      Turns: 8514, Time: 00:28:38

Health: 0/136      AC: 26    Str: 20    XL:     12   Next: 5%
Magic:  19/21      EV:  2    Int: 21    God:    Nemelex Xobeh [*****.]
Gold:   738        SH:  4    Dex: 12    Spells: 6/23 levels left

rFire   + . .        k - +7 hand cannon of Disembowelment {penet, rCorr Str+3 Int+3 Dex-5}
rCold   + + .        (no shield)
rNeg    . . .        N - melded +1 plate armour {Will+}
rPois   +            o - melded +2 helmet
rElec   +            q - melded +1 cloak
rCorr   +            (gloves currently unavailable)
SInv    +            H - melded +1 pair of boots {Fly}
Will    .....        z - amulet of guardian spirit
Stlth   +            i - ring of protection from cold
HPRegen 0.42/turn    I - ring "Xops" {*Corrode Int+9 Slay+2 SInv Stlth-}
MPRegen 0.17/turn

%: corrode self (3%), guardian spirit
@: lethally poisoned (0 -> -6), tree-form, resistant, weak-willed, studying
Spellcasting
A: stationary, stasis, torment immunity, boosted hp, (large bone plates 2),
demonic guardian 2, condensation shield, (weakness stinger 2), (hooves 1),
mutation resistance 2
a: Renounce Religion, Draw Escape, Draw Destruction, Draw Summoning, Triple
Draw, Deal Four, Stack Five


You were on level 2 of the Lair of Beasts.
You worshipped Nemelex Xobeh.
Nemelex Xobeh was extremely pleased with you.
You were a tree.
You visited 3 branches of the dungeon, and saw 11 of its levels.
You also visited: Gauntlet.

You collected 738 gold pieces.

Inventory:

Hand Weapons
 k - the +7 hand cannon of Disembowelment (weapon) {penet, rCorr Str+3 Int+3 Dex-5}
   (You acquired it on level 4 of the Dungeon)

   Str+3:     It affects your strength (+3).
   Int+3:     It affects your intelligence (+3).
   Dex-5:     It affects your dexterity (-5).
   rCorr:     It protects you from acid and corrosion.
Missiles
 d - 3 throwing nets
 e - 7 javelins
 p - 14 poisoned darts
 t - 5 darts of dispersal
 O - 5 silver javelins
Armour
 o - a +2 helmet (melded)
 q - a +1 cloak (melded)
 H - a +1 pair of boots of flying (melded)
 N - a +1 plate armour of willpower (melded)
 T - a scarf of invisibility
Jewellery
 c - a ring of fire
 i - a ring of protection from cold (left branch)
 l - a ring of ice
 z - an amulet of guardian spirit (around neck)
 E - a ring of wizardry
 I - the ring "Xops" (right branch) {*Corrode Int+9 Slay+2 SInv Stlth-}
   (You found it in a Gauntlet)

   [ring of see invisible]

   Int+9:     It affects your intelligence (+9).
   Slay+2:    It affects your accuracy & damage with ranged weapons and melee
   (+2).
   SInv:      It lets you see invisible.
   *Corrode:  It may corrode you when you take damage.
   Stlth-:    It makes you less stealthy.
 P - an amulet of the acrobat
Wands
 f - a wand of paralysis (11)
 m - a wand of polymorph (4)
 u - a wand of acid (9)
 L - a wand of flame (18)
 M - a wand of roots (3)
 Q - a wand of mindburst (5)
Scrolls
 b - 2 scrolls of teleportation
 h - 4 scrolls of enchant weapon
 j - 3 scrolls of poison
 r - a scroll of fog
 s - 3 scrolls of noise
Potions
 a - a potion of lignification
 n - a potion of might
 A - a potion of ambrosia {unknown}
 G - a potion of resistance
Miscellaneous
 C - a phial of floods
 D - a phantom mirror


   Skills:
 * Level 7.5 Fighting
 - Level 4.5 Axes
 * Level 10.8 Ranged Weapons
 - Level 2.3 Throwing
 * Level 6.0 Armour
 + Level 4.6 Dodging
 * Level 3.1 Stealth
 + Level 3.1 Shields
 - Level 1.4 Unarmed Combat
 * Level 6.2 Spellcasting
 + Level 1.0 Summonings
 * Level 2.2 Necromancy
 + Level 1.5 Alchemy
 * Level 6.7 Invocations
 * Level 3.5 Evocations


You had 6 spell levels left.
You knew the following spells:

 Your Spells              Type           Power      Damage    Failure   Level
a - Necrotise             Necr           64%        1d7       3%          1
b - Sting                 Conj/Alch      36%        1d5       7%          1
c - Apportation           Tloc           12%        N/A       10%         1
d - Death Channel         Necr           8%         N/A       99%         6
e - Blink                 Tloc           12%        N/A       14%         2
f - Sublimation of Blood  Necr           16%        N/A       6%          2
g - Animate Dead          Necr           16%        N/A       36%         4

Your spell library contained the following spells:

 Spells                   Type           Power      Damage    Failure   Level
 Summon Small Mammal      Summ           44%        N/A       6%          1
 Magic Dart               Conj           24%        1d4       10%         1
 Sandblast                Erth           12%        2d6       10%         1
 Shock                    Conj/Air       24%        1d4       10%         1
 Call Imp                 Summ           22%        N/A       10%         2
 Ensorcelled Hibernation  Hex/Ice        12%        N/A       14%         2
 Searing Ray              Conj           12%        2d4       14%         2
 Summon Ice Beast         Ice/Summ       8%         N/A       22%         3
 Dazzling Flash           Conj/Hex       12%        N/A       28%         3
 Hailstorm                Conj/Ice       6%         3d5       28%         3
 Ozocubu's Armour         Ice            6%         N/A       28%         3
 Passwall                 Erth           6%         N/A       28%         3
 Stone Arrow              Conj/Erth      12%        3d7       28%         3
 Swiftness                Air            6%         N/A       28%         3
 Volatile Blastmotes      Fire/Tloc      12%        2d11      28%         3
 Fulminant Prism          Conj/Alch      4%         3d5       56%         4
 Animate Armour           Summ/Erth      16%        N/A       58%         4
 Brom's Barrelling Bould  Conj/Erth      6%         2d3       67%         4
 Borgnjor's Vile Clutch   Necr/Erth      5%         N/A       86%         5
 Summon Mana Viper        Hex/Summ       8%         N/A       91%         5
 Metabolic Englaciation   Hex/Ice        3%         N/A       95%         5
 Sculpt Simulacrum        Ice/Alch       4%         N/A       100%        6
 Starburst                Conj/Fire      3%         6d3       100%        6
 Haunt                    Necr/Summ      6%         N/A       100%        7
 Summon Hydra             Summ           5%         N/A       100%        7
 Infestation              Necr           8%         N/A       100%        8
 Lehudib's Crystal Spear  Conj/Erth      3%         10d2      100%        8
 Maxwell's Capacitive Co  Air            3%         ∞         100%        8


Dungeon Overview and Level Annotations

Branches:
Dungeon (8/15)             Temple (1/1) D:5            Lair (2/5) D:8
Gauntlet (visited)
  Swamp: Lair:2-3    Shoals: Lair:2-3     Snake: Lair:2-3    Spider: Lair:2-3

Altars:
Ashenzari
Cheibriados
Dithmenos
Fedhas
Gozag
Hepliaklqana
Kikubaaqudgha
Makhleb
Nemelex Xobeh
Okawaru
Qazlal
Ru
Sif Muna
Trog
Uskayaw
Vehumet
Wu Jian
Xom
Yredelemnul


Innate Abilities, Weirdness & Mutations

You are a tree.
Your roots penetrate the ground, keeping you stationary.
You cannot be teleported.
You are immune to unholy pain and torment.
Your maximum health is greatly increased.
Your equipment is partially melded.
((You are mostly covered in large bone plates. (SH +6)))
A demonic guardian rushes to your aid.
A meltable shield of frost defends you. (SH +4)
((You have a tail ending in a sharp stinger.))
((You have large cloven feet.))
You are somewhat resistant to both further mutation and mutation removal.


Message History

Okay, then.
You draw a card...
You have drawn the Cloud.
Clouds appear around your foes!
* * * LOW HITPOINT WARNING * * *
You feel very sick. You block the bat's attack.
The bat hits you but does no damage. The swamp drake bites you!
* * * LOW HITPOINT WARNING * * *
The yak gores you but does no damage. The yak gores your orange demon!
The yak gores you but does no damage. The yak gores your orange demon.
The human hits you but does no damage.
Your orange demon stings the yak!
The yak looks as sick as possible!
Your orange demon poisons the yak!
Your orange demon barely misses the yak.
Okay, then.
You turn into a tree.
Your +1 cloak melds into your body.
Your +2 helmet melds into your body.
Your +1 pair of boots of flying melds into your body.
Your +1 plate armour of willpower melds into your body.
You float gracefully downwards.
You feel less strong-willed.
Your roots penetrate the ground.
* * * LOW HITPOINT WARNING * * *
You feel very sick.
The swamp drake bites you but does no damage.
The bat hits you. The yak gores you but does no damage.
The yak gores your orange demon! The yak gores you but does no damage.
The yak gores your orange demon. The human hits you but does no damage.
Your orange demon stings the yak!
The yak looks as sick as possible!
Your orange demon poisons the yak!
Your orange demon barely misses the yak.
Okay, then.
It was a potion of magic.
Magic courses through your body.
* * * LOW HITPOINT WARNING * * *
You feel very sick. The bat hits you but does no damage.
You block the swamp drake's attack. The yak barely misses you.
The yak gores you. The yak gores your orange demon!
The yak gores your orange demon. The human hits you but does no damage.
Your orange demon stings the yak!
Your orange demon hits the yak but does no damage.
You feel protected.
You die...
Your body glows with a rainbow of weird colours and disappears.

..# . ...# ## ..
#..#### #P####
..#.....##....P#
#....°°#.°°....
#...°).#Y°...#
##..°°b#Y4°°.#
#...°lk♣YYY°.#
......°°p####P##
.......°°#
..........
.#P###.###. # ##
##


You could see 5 yaks, a human (misshapen), a swamp drake (poisoned, misshapen),
an iguana (misshapen), a bat (misshapen) and a friendly orange demon (summoned).

Vanquished Creatures
  A hell hog (Gauntlet)
  A fire crab (Gauntlet)
  A manticore (D:8)
  6 elephants
  A water nymph (Gauntlet)
  A gargoyle (D:8)
  A komodo dragon (D:8)
  A troll (D:8)
  A queen bee (Gauntlet)
  A hornet (D:7)
  Sigmund (D:3)
  10 yaks
  7 fire bats (Gauntlet)
  A golden eye (Lair:2)
  A basilisk (Lair:2)
  A vampire mosquito (D:8)
  2 steam dragons
  2 swamp worms (D:8)
  2 acid dragons (D:8)
  3 water moccasins
  2 hell hounds (Gauntlet)
  4 ice beasts
  A black bear (D:7)
  An ogre (D:7)
  2 wolves (Lair:1)
  3 phantoms (D:6)
  5 bullfrogs
  2 wyvern zombies (D:7)
  A gnoll sergeant (D:8)
  3 scorpions
  10 wights
  2 water moccasin zombies (D:7)
  4 killer bees
  6 howler monkeys
  An electric eel (Lair:1)
  A crimson imp (D:5)
  A bullfrog zombie (D:7)
  2 hounds
  A centaur zombie (D:7)
  An orc priest (D:7)
  A gnoll bouda (D:4)
  2 sleepcaps
  Ijyb (D:3)
  3 iguanas
  2 orc wizards
  2 adders
  4 gnolls (D:4)
  4 shadow imps
  4 white imps
  4 ufetubi
  4 dart slugs
  10 orcs
  7 ball pythons
  6 endoplasms
  2 giant cockroaches
  7 goblins
  5 hobgoblins
  9 jackals
  7 kobolds
  5 quokkas
  3 bats
  A frilled lizard (D:2)
191 creatures vanquished.

Vanquished Creatures (collateral kills)
  An entropy weaver (shapeshifter) (D:8)
  An elephant (Lair:1)
  A hornet (D:8)
  A slime creature (D:8)
  A wraith (D:8)
  2 yaks (Lair:1)
  A wyvern (D:8)
  2 steam dragons
  A water moccasin (Lair:1)
  An orc warrior (D:8)
  2 ogres
  A sky beast (D:8)
  2 wolves (Lair:1)
  A bullfrog (D:7)
  4 wights (D:7)
  A killer bee (Gauntlet)
  An electric eel (Lair:1)
  A hound (D:6)
  A centaur zombie (D:7)
  A jelly (D:6)
  An orc priest (D:8)
  An iguana (D:5)
  Robin (D:3)
  2 orcs (D:8)
  A hobgoblin (D:3)
33 creatures vanquished.

Vanquished Creatures (others)
  An endoplasm (Lair:2)
1 creature vanquished.

Grand Total: 225 creatures vanquished

Notes
Turn   | Place    | Note
-------+----------+-------------------------------------------
     0 | D:1      | ezpacito the Demonspawn Gladiator began the quest for the
                  | Orb.
     0 | D:1      | Reached XP level 1. HP: 16/16 MP: 1/1
   113 | D:1      | Gained mutation: You are partially covered in large bone
                  | plates. (SH +4) [demonic ancestry]
   113 | D:1      | Reached XP level 2. HP: 22/22 MP: 2/2
   301 | D:1      | Gained mutation: A weak demonic guardian rushes to your
                  | aid. [demonic ancestry]
   301 | D:1      | Reached XP level 3. HP: 27/27 MP: 3/3
   396 | D:1      | Found a faded altar of an unknown god.
   411 | D:1      | Prayed at the altar of an unknown god.
   411 | D:1      | Became a worshipper of Nemelex Xobeh the Trickster
   411 | D:1      | Reached * piety under Nemelex Xobeh
   467 | D:2      | Learned a level 1 spell: Necrotise
   469 | D:2      | Learned a level 1 spell: Sting
   488 | D:2      | Received a gift from Nemelex Xobeh
   583 | D:2      | Found a stormy altar of Qazlal.
  1069 | D:2      | Reached skill level 1 in Armour
  1105 | D:2      | Gained mutation: A meltable shield of frost defends you.
                  | (SH +4) [demonic ancestry]
  1105 | D:2      | Reached XP level 4. HP: 33/34 MP: 4/4
  1240 | D:3      | Noticed Ijyb
  1257 | D:3      | Paralysed by Ijyb for 3 turns
  1263 | D:3      | Killed Ijyb
  1367 | D:3      | Reached ** piety under Nemelex Xobeh
  1395 | D:3      | Noticed Robin
  1397 | D:3      | Gained mutation: A demonic guardian rushes to your aid.
                  | [demonic ancestry]
  1397 | D:3      | Reached XP level 5. HP: 26/28 MP: 5/5
  1412 | D:3      | Killed Robin
  1526 | D:3      | Received a gift from Nemelex Xobeh
  1540 | D:3      | Learned a level 1 spell: Apportation
  1612 | D:3      | Noticed Sigmund
  1618 | D:3      | Killed Sigmund
  1619 | D:3      | Reached skill level 1 in Stealth
  1619 | D:3      | Reached skill level 1 in Unarmed Combat
  1619 | D:3      | Reached skill level 1 in Spellcasting
  1619 | D:3      | Reached skill level 1 in Necromancy
  1619 | D:3      | Reached skill level 1 in Invocations
  1619 | D:3      | Reached XP level 6. HP: 36/46 MP: 5/7
  1846 | D:3      | Reached skill level 1 in Shields
  1868 | D:3      | Reached skill level 1 in Alchemy
  2190 | D:4      | Learned a level 4 spell: Animate Armour
  2348 | D:4      | Found a blossoming altar of Fedhas.
  2533 | D:4      | Identified a scroll of acquirement
  2533 | D:4      | Acquired the +7 hand cannon of Disembowelment {penet, rCorr
                  | Str+3 Int+3 Dex-5}
  2547 | D:5      | Entered Level 5 of the Dungeon
  2551 | D:5      | Noticed a steam dragon
  2560 | D:5      | Killed a steam dragon
  2561 | D:5      | Reached skill level 1 in Evocations
  2561 | D:5      | Reached XP level 7. HP: 37/52 MP: 9/9
  2568 | D:5      | Upgraded the game from 0.32-a0-314-g526f7d4993 to
                  | 0.32-a0-350-g4f4d228785
  2664 | D:5      | Reached *** piety under Nemelex Xobeh
  2680 | D:5      | Received a gift from Nemelex Xobeh
  2728 | D:5      | Reached skill level 1 in Summonings
  2731 | D:5      | Found a burning altar of Makhleb.
  2862 | D:5      | Reached skill level 1 in Ranged Weapons
  2877 | D:5      | Found a staircase to the Ecumenical Temple.
  2910 | Temple   | Entered the Ecumenical Temple
  2989 | D:6      | Reached skill level 2 in Ranged Weapons
  2989 | D:6      | Gained mutation: You have a small tail. [demonic ancestry]
  2989 | D:6      | Reached XP level 8. HP: 58/58 MP: 9/11
  3388 | D:6      | Reached skill level 3 in Ranged Weapons
  3930 | D:7      | Reached skill level 4 in Ranged Weapons
  3948 | D:7      | Received a gift from Nemelex Xobeh
  3979 | D:7      | Reached skill level 5 in Ranged Weapons
  4057 | D:7      | Reached XP level 9. HP: 65/65 MP: 13/13
  4077 | D:7      | Reached skill level 6 in Ranged Weapons
  4175 | D:7      | Reached **** piety under Nemelex Xobeh
  4361 | D:7      | Reached skill level 7 in Ranged Weapons
  4877 | D:7      | Received a gift from Nemelex Xobeh
  5001 | D:8      | Learned a level 2 spell: Blink
  5004 | D:8      | Learned a level 2 spell: Sublimation of Blood
  5009 | D:8      | Learned a level 4 spell: Animate Dead
  5092 | D:8      | Gained mutation: You are mostly covered in large bone
                  | plates. (SH +6) [demonic ancestry]
  5092 | D:8      | Reached XP level 10. HP: 53/73 MP: 15/15
  5109 | D:8      | Reached skill level 5 in Fighting
  5117 | D:8      | Reached skill level 8 in Ranged Weapons
  5315 | D:8      | Noticed a manticore
  5331 | D:8      | Killed a manticore
  5332 | D:8      | Reached skill level 5 in Invocations
  5458 | D:8      | Noticed a gargoyle
  5460 | D:8      | Killed a gargoyle
  5582 | D:8      | Got the Incunable of Charming Vapour
  5713 | D:8      | Noticed an entropy weaver
  5719 | D:8      | Killed an entropy weaver
  5720 | D:8      | Reached skill level 9 in Ranged Weapons
  5745 | D:8      | Reached skill level 5 in Armour
  6079 | D:8      | Received a gift from Nemelex Xobeh
  6092 | D:8      | Acquired a manual of Spellcasting
  6124 | D:8      | Found a staircase to the Lair.
  6322 | D:8      | Reached ***** piety under Nemelex Xobeh
  6328 | D:8      | Reached XP level 11. HP: 81/81 MP: 18/18
  6729 | D:8      | Learned a level 6 spell: Death Channel
  6733 | Lair:1   | Entered Level 1 of the Lair of Beasts
  6761 | Lair:1   | Reached skill level 5 in Spellcasting
  6846 | Lair:1   | Found a gate leading to a gauntlet.
  6866 | Lair:1   | Reached skill level 10 in Ranged Weapons
  6906 | Gauntlet | Entered a Gauntlet
  6906 | Gauntlet | Found a transporter.
  6906 | Gauntlet | Found a runed translucent door.
  6925 | Gauntlet | Noticed a fire crab
  6976 | Gauntlet | Found a runed translucent door.
  6980 | Gauntlet | Found a transporter.
  6982 | Gauntlet | Found a transporter.
  6993 | Gauntlet | Found a transporter.
  6996 | Gauntlet | Found a transporter.
  7001 | Gauntlet | Noticed a great orb of eyes
  7003 | Gauntlet | Noticed a cyan ugly thing
  7005 | Gauntlet | Noticed a purple ugly thing
  7006 | Gauntlet | Found a transporter.
  7021 | Gauntlet | Found a runed translucent door.
  7022 | Gauntlet | Found a transporter.
  7022 | Gauntlet | Found the +13 scythe of Curses {drain, curses, ^Drain}
  7022 | Gauntlet | Noticed a fire crab
  7023 | Gauntlet | Found a runed translucent door.
  7033 | Gauntlet | Found a transporter.
  7038 | Gauntlet | Noticed a quicksilver ooze
  7045 | Gauntlet | Found a transporter.
  7046 | Gauntlet | Noticed a hell hog
  7048 | Gauntlet | Received a gift from Nemelex Xobeh
  7050 | Gauntlet | Found a transporter.
  7074 | Gauntlet | Found a transporter.
  7074 | Gauntlet | Found a transporter.
  7135 | Gauntlet | Found a transporter.
  7135 | Gauntlet | Found a transporter.
  7229 | Gauntlet | Killed a fire crab
  7263 | Gauntlet | Gained mutation: You have a pair of small horns on your
                  | head. [potion of mutation]
  7263 | Gauntlet | Gained mutation: You are frail. (-10% HP) [potion of
                  | mutation]
  7263 | Gauntlet | Gained mutation: Your mind is acute. (Int +4, Str/Dex -1)
                  | [potion of mutation]
  7264 | Gauntlet | Lost mutation: You are frail. (-10% HP) [potion of
                  | mutation]
  7264 | Gauntlet | Lost mutation: You have a pair of small horns on your head.
                  | [potion of mutation]
  7264 | Gauntlet | Lost mutation: Your mind is acute. (Int +4, Str/Dex -1)
                  | [potion of mutation]
  7264 | Gauntlet | Gained mutation: You are somewhat resistant to further
                  | mutation. [potion of mutation]
  7264 | Gauntlet | Gained mutation: You have large cloven feet. [potion of
                  | mutation]
  7264 | Gauntlet | Gained mutation: You are somewhat resistant to both further
                  | mutation and mutation removal. [potion of mutation]
  7309 | Gauntlet | Identified the -1 quarterstaff "Jufoejosh" {freeze, rF+
                  | Str+2}
  7543 | Gauntlet | Killed a hell hog
  7575 | Gauntlet | Identified the ring "Xops" {*Corrode Int+9 Slay+2 SInv
                  | Stlth-}
  7596 | Gauntlet | Noticed a minotaur
  7599 | Gauntlet | a minotaur changed into a water nymph
  8337 | Lair:1   | Gained mutation: You have a tail ending in a sharp stinger.
                  | [demonic ancestry]
  8337 | Lair:1   | Reached XP level 12. HP: 76/91 MP: 18/21
  8486 | Lair:2   | Noticed Maggie
  8491 | Lair:2   | Noticed a seven-headed hydra
  8493 | Lair:2   | Maggie changed into Maggie the endoplasm
  8493 | Lair:2   | Noticed Maggie
  8493 | Lair:2   | a seven-headed hydra changed into an eye of devastation
  8504 | Lair:2   | Killed Maggie the endoplasm
  8512 | Lair:2   | HP: 5/136 [poisoned by you (dark miasma)]
  8513 | Lair:2   | HP: 2/136 [poisoned by you (dark miasma)]
  8514 | Lair:2   | Succumbed to their own dark miasma

Illustrated notes

Levels and vault maps discovered:
D:1:      grunt_arrival_crossed_arrows, layout_rooms,
          shapermc_ecumenical_altar_pompeii
D:2:      layout_basic, basic_altar
D:3:      layout_basic, minmay_box_of_dots, uniq_sigmund, uniq_ijyb, uniq_robin
D:4:      layout_cave_pools, fedhas_altar_2
D:5:      layout_gridville, makhleb_grotto_becter, minmay_temple_entry_tees
D:6:      layout_cave_pods, kennysheep_small_spiral, grunt_ministairs_2
D:7:      layout_loops_cross, serial_undead, serial_undead_f, serial_undead_a,
          serial_undead_e, serial_undead_e
D:8:      minmay_the_grid_octo_tiled_squarecenter [minmay_the_grid_octo_toaster,
          minmay_the_grid_octo_concentric, minmay_the_grid_octo_horde,
          minmay_the_grid_octo_77,
          minmay_the_grid_square_5x5_megaprize_checkered,
          minmay_the_grid_square_5x5_beaten_path,
          minmay_the_grid_square_5x5_three,
          minmay_the_grid_square_5x5_misaligned,
          minmay_the_grid_square_5x5_moneybag], layout_basic,
          david_lair_shrubbed, chequers_arboretum, worms_lemuel
Temple:   nicolae_temple_bog_church
Lair:1:   layout_cellular_growth, gauntlet_entry_generic,
          infiniplex_staircase_pool
Lair:2:   layout_regular_city, nicolae_shoals_entry_flooding,
          nicolae_snake_entry_warm_welcome, portal_ice_cave_entry_pillars_2,
          grunt_forest_large_clearing_hut, serial_bayou_shore_a, uniq_maggie

Skill      XL: |  1  2  3  4  5  6  7  8  9 10 11 12 |
---------------+-------------------------------------+-----
Dodging        | 3 4 |  4.6
Axes           | 3 4 |  4.5
Armour         | 1 2 3 5 6 |  6.0
Throwing       | 2 |  2.3
Stealth        | 1 2 3 |  3.1
Unarmed Combat | 1 |  1.4
Spellcasting   | 1 2 3 4 6 |  6.2
Necromancy     | 1 2 |  2.2
Invocations    | 1 3 5 6 |  6.7
Shields        | 1 2 3 |  3.1
Alchemy        | 1 |  1.5
Fighting       | 3 4 6 7 |  7.5
Evocations     | 1 3 |  3.5
Summonings     | 1 |  1.0
Ranged Weapons | 2 5 7 9 10 | 10.8

Action                     |  1- 3 |  4- 6 |  7- 9 | 10-12 || total
---------------------------+-------+-------+-------+-------++-------
  Melee: War axe           |    42 |   106 |       |       ||   148
   Fire: Hand cannon       |       |       |   189 |   229 ||   418
 Invoke: Draw Destruction  |     3 |     8 |     1 |    22 ||    34
         Draw Summoning    |       |       |     4 |    10 ||    14
         Triple Draw       |       |       |       |     1 ||     1
         Draw Escape       |       |       |       |     2 ||     2
    Use: Scroll            |     4 |     6 |     2 |     9 ||    21
         Potion            |       |     3 |       |    15 ||    18
 Armour: Leather armour    |    20 |    27 |       |       ||    47
         Chain mail        |       |    84 |   117 |     1 ||   202
         Plate armour      |       |       |       |   224 ||   224
         Ring mail         |       |       |       |   197 ||   197
         Skin              |       |       |       |     8 ||     8
  Dodge: Dodged            |    22 |    63 |    68 |   234 ||   387
  Block: Other             |     9 |    50 |    56 |   122 ||   237

Table legend: (Time is in decaauts)
 A = Elapsed time spent in this place.
 B = Non-inter-level travel time spent in this place.
 C = Inter-level travel time spent in this place.
 D = Time resting spent in this place.
 E = Time spent auto-exploring this place.
 F = Levels seen in this place.
 G = Mean time per level.
                   A        B        C        D        E       F      G
               +--------+--------+--------+--------+--------+-----+--------+
         Total |   8897 |   8724 |    173 |    258 |   6329 |  12 |  741.4 |
       Dungeon |   7054 |   6905 |    149 |     82 |   5303 |   8 |  881.8 |
        Temple |      1 |      1 |      0 |      0 |      0 |   1 |    1.0 |
          Lair |    974 |    951 |     23 |      0 |    656 |   2 |  487.0 |
      Gauntlet |    867 |    867 |      0 |    176 |    370 |   1 |  867.0 |
               +--------+--------+--------+--------+--------+-----+--------+

Top non-repeatable levels by time:
     D:8: 1905 daAuts
     D:7: 1114 daAuts
     D:6: 1021 daAuts
  Lair:1: 939 daAuts
Gauntlet: 867 daAuts
     D:3: 822 daAuts
     D:2: 805 daAuts
     D:4: 525 daAuts
     D:1: 440 daAuts
     D:5: 419 daAuts
  Lair:2: 35 daAuts
  Temple: 1 daAuts
